 Dungeon Crawl Stone Soup version 0.31-a0-692-gf03d1854d5 (webtiles) character file.

Game seed: 9379739648407681710

74 qw the Shooter (level 4, -2/28 HPs)
             Began as a Gargoyle Hunter on Sept 6, 2023.
             Killed by divine providence
             ... invoked by an orc priest
              (12 damage)
             ... on level 3 of the Dungeon.
             The game lasted 00:00:38 (1367 turns).

qw the Shooter (Gargoyle Hunter)                    Turns: 1367, Time: 00:00:39

Health: -2/28      AC:  9    Str: 15    XL:     4   Next: 28%
Magic:  4/4        EV: 11    Int:  9    God:
Gold:   137        SH:  0    Dex: 15    Spells: 3/3 levels left

rFire   . . .        Y - +0 shortbow
rCold   . . .        (shield currently unavailable)
rNeg    + . .        c - +0 leather armour
rPois   inf          (no helmet)
rElec   +            (no cloak)
rCorr   .            f - +2 pair of gloves
SInv    .            (no boots)
Will    .....        (no amulet)
Stlth   ++           (no ring)
HPRegen 0.24/turn    (no ring)
MPRegen 0.09/turn

%: no passive effects
@: no status effects
A: sickness immunity, AC +3, negative energy resistance 1, electricity
resistance, torment resistance 1, petrification resistance
a: no special abilities


You were on level 3 of the Dungeon.
You visited 1 branch of the dungeon, and saw 3 of its levels.

You collected 137 gold pieces.


Innate Abilities, Weirdness & Mutations

You are immune to sickness and miasma.
Your stone body is resilient. (AC +3)
You are immune to poison.
You resist negative energy. (rN+)
You are resistant to electric shocks. (rElec)
You are resistant to unholy torment.
You are immune to petrification.


   Skills:
 - Level 3.0 Fighting
 + Level 5.3 Ranged Weapons
 - Level 1.5 Dodging
 - Level 1.1 Stealth


You had 3 spell levels left.
You didn't know any spells.
Your spell library was empty.

Inventory:

Hand Weapons
 Y - a +0 shortbow (weapon)
Armour
 c - a +0 leather armour (worn)
 d - a +0 ring mail
 f - a +2 pair of gloves (worn)
Scrolls
 a - a scroll of identify
Potions
 b - a potion of enlightenment
 g - a potion of haste

Dungeon Overview and Level Annotations

Branches:
Dungeon (3/15)

Altars:
Qazlal


Message History

1356 ||| Stepping ~*~*~tactically~*~*~ (retreating).
The orc attacks as it pursues you! The orc barely misses you.
1357 |||
Found retreat position at 1,-3 (floor) with 0 blocking monsters and 2 monsters attacking at destination at distance 3
1357 ||| Stepping ~*~*~tactically~*~*~ (retreating).
The orc wizard shouts!
The orc priest looks braver for a moment.
The orc wizard gestures wildly while chanting.
The orc wizard flickers and vanishes!
Deactivating autopickup; reactivate with Ctrl-A.
The orc hits you with a +0 short sword.
1358 |||
Found retreat position at 1,-2 (floor) with 0 blocking monsters and 2 monsters attacking at destination at distance 2
1358 ||| Stepping ~*~*~tactically~*~*~ (retreating).
The orc hits you but does no damage.
1359 |||
Found retreat position at -2,-1 (floor) with 0 blocking monsters and 1 monsters attacking at destination at distance 2
1359 ||| Stepping ~*~*~tactically~*~*~ (retreating).
1360 |||
Found retreat position at -1,0 (floor) with 0 blocking monsters and 1 monsters attacking at destination at distance 1
1360 ||| Stepping ~*~*~tactically~*~*~ (retreating).
The orc priest looks satisfied for a moment.
You shoot an arrow. The arrow barely misses the orc.
The orc hits you with a +0 short sword.
You shoot an arrow.
The arrow hits the orc but does no damage.
The orc is heavily wounded.
The orc completely misses you.
You shoot an arrow. The arrow hits the orc.
The orc is severely wounded.
The orc hits you but does no damage.
You shoot an arrow. The arrow barely misses the orc.
The arrow hits the orc.
The orc is moderately wounded.
The orc hits you but does no damage.
You shoot an arrow. The arrow closely misses the orc. x2
The orc hits you with a +0 short sword. The orc hits you but does no damage.
You shoot an arrow. The arrow closely misses the orc.
The arrow hits the orc.
You kill the orc!
The orc priest mumbles some strange prayers to Beogh against you.
Beogh smites you! The orc closely misses you.
You shoot an arrow. The arrow closely misses the orc.
The orc priest invokes the aid of Beogh against you.
Beogh smites you!
You die...

. # ###
#..##.#####..
##......@o)#.#####
.#......###o#......
...........o......
#......$.o.......
##..#####........
#..#####..S.....
##...............
##................
##.....######.#####


You could see an orc priest and 2 orcs.

Vanquished Creatures
  An adder (D:2)
  2 worms (D:2)
  An orc (D:3)
  3 ball pythons
  7 endoplasms
  2 giant cockroaches
  6 goblins (D:1)
  6 hobgoblins
  6 jackals (D:1)
  A quokka (D:1)
  5 bats
  3 frilled lizards (D:1)
  5 kobolds (D:1)
  2 rats
50 creatures vanquished.

Notes
Turn   | Place    | Note
-------+----------+-------------------------------------------
     0 | D:1      | qw the Gargoyle Hunter began the quest for the Orb.
     0 | D:1      | Reached XP level 1. HP: 12/12 MP: 1/1
     0 | D:1      | 0 ||| qw: Version: 0.3-a-76-g4403597
     0 | D:1      | 0 ||| qw: Game counter: 125
     0 | D:1      | 0 ||| qw: Melee chars always use a shield: true
     0 | D:1      | 0 ||| qw: God list: Okawaru
     0 | D:1      | 0 ||| qw: Allow faded altars: false
     0 | D:1      | 0 ||| qw: Do Orc after clearing Dungeon:15 true
     0 | D:1      | 0 ||| qw: Do second Lair branch before Depths: true
     0 | D:1      | 0 ||| qw: Lair rune preference: random
     0 | D:1      | 0 ||| qw: Goals: Normal
     0 | D:1      | 0 ||| PLANNING D:1-11
    76 | D:1      | Reached XP level 2. HP: 17/17 MP: 2/2
   322 | D:1      | Reached XP level 3. HP: 21/21 MP: 3/3
   363 | D:1      | Reached skill level 5 in Ranged Weapons
   896 | D:1      | 896 ||| READING scroll labelled NOXZAL COKAMP.
   897 | D:1      | 897 ||| DROPPING scroll of butterflies.
   917 | D:2      | Reached skill level 3 in Fighting
   960 | D:2      | Reached XP level 4. HP: 28/28 MP: 4/4
  1114 | D:2      | Found a stormy altar of Qazlal.
  1306 | D:2      | 1306 ||| UPGRADING to +0 pair of gloves.
  1311 | D:2      | 1311 ||| UPGRADING to +2 pair of gloves.
  1321 | D:2      | 1321 ||| DROPPING +0 pair of gloves.
  1322 | D:2      | 1322 ||| READING 4 scrolls of identify.
  1322 | D:2      | 1322 ||| IDENTIFYING brown potion
  1323 | D:2      | 1323 ||| READING 3 scrolls of identify.
  1323 | D:2      | 1323 ||| IDENTIFYING murky amethyst potion
  1324 | D:2      | 1324 ||| READING 2 scrolls of identify.
  1324 | D:2      | 1324 ||| IDENTIFYING bubbling yellow potion
  1325 | D:2      | 1325 ||| DROPPING potion of magic.
  1354 | D:3      | 1354 ||| RETREATING.
  1356 | D:3      | 1356 ||| Stepping ~*~*~tactically~*~*~ (retreating).
  1357 | D:3      | 1357 ||| Stepping ~*~*~tactically~*~*~ (retreating).
  1358 | D:3      | 1358 ||| Stepping ~*~*~tactically~*~*~ (retreating).
  1359 | D:3      | 1359 ||| Stepping ~*~*~tactically~*~*~ (retreating).
  1360 | D:3      | 1360 ||| Stepping ~*~*~tactically~*~*~ (retreating).
  1367 | D:3      | Killed from afar by an orc priest

Levels and vault maps discovered:
D:1:      tarquinn_simple_flora_water_e, layout_basic, dk_noncrumbling_3,
          grunt_decor_cap, minmay_stone_trees_large
D:2:      layout_rooms, basic_altar, minmay_misc_feat_tower
D:3:      cheibrodos_pilgrimage, layout_loops_corners, grunt_gozag_statues,
          serial_shops, nicolae_square_shop, kennysheep_generic_room_12

Skill      XL: |  1  2  3 |
---------------+----------+-----
Ranged Weapons | 5 |  5.3
Fighting       | 3 |  3.0
Dodging        | |  1.5
Stealth        | |  1.1

Action                     |  1- 3 |  4- 6 || total
---------------------------+-------+-------++-------
   Fire: Shortbow          |   136 |    32 ||   168
    Use: Scroll            |     1 |     3 ||     4
 Armour: Leather armour    |    44 |     8 ||    52
  Dodge: Dodged            |    36 |     5 ||    41

Table legend:
 A = Non-vault XP
 B = Vault XP
 C = Vault XP percentage of total XP
 D = Non-vault monster count
 E = Vault monster count
 F = Vault count percentage of total count
                 A         B        C        D         E       F
            +---------+---------+-------+---------+---------+-------
      Total |     103 |       3 |   2.8 |      49 |       1 |   2.0
            +---------+---------+-------+---------+---------+-------
        D:1 |      61 |       0 |   0.0 |      35 |       0 |   0.0
        D:2 |      40 |       0 |   0.0 |      13 |       0 |   0.0
        D:3 |       2 |       3 |  60.0 |       1 |       1 |  50.0
            +---------+---------+-------+---------+---------+-------
